 Dungeon Crawl Stone Soup version 0.30-a0-422-g946f4849ff (webtiles) character file.

Game seed: 6279622925818456178

71 funkygono the Grave Robber (level 4, 0/30 HPs)
             Began as a Demonspawn Necromancer on Dec 8, 2022.
             Slain by a goblin
             ... wielding a +0 club
             ... led by Robin
              (5 damage)
             ... on level 3 of the Dungeon.
             The game lasted 00:03:40 (2116 turns).

funkygono the Grave Robber (Demonspawn Necromancer) Turns: 2116, Time: 00:03:40

Health: 0/30       AC:  5    Str:  9    XL:     4   Next: 5%
Magic:  1/8        EV: 12    Int: 18    God:
Gold:   82         SH:  0    Dex: 13    Spells: 5/9 levels left

rFire   . . .      SeeInvis .    d - +1 whip (flame)
rCold   . . .      Faith    .    (no shield)
rNeg    . . .      Spirit   .    a - +0 robe
rPois   .          Reflect  .    (helmet restricted)
rElec   .          Harm     .    (no cloak)
rCorr   .          Rampage  .    g - +0 pair of gloves
Will    .....                    (no boots)
Stlth   ++........               (no amulet)
HPRegen 0.25/turn                (no ring)
MPRegen 0.11/turn                (no ring)

@: no status effects
A: horns 2, slimy green scales 1
a: no special abilities


You were on level 3 of the Dungeon.
You visited 1 branch of the dungeon, and saw 3 of its levels.

You collected 82 gold pieces.

Inventory:

Hand Weapons
 d - a +1 whip of flaming (weapon)
Armour
 a - a +0 robe (worn)
 g - a +0 pair of gloves (worn)
Scrolls
 f - a scroll of poison
Potions
 b - a potion of magic
 c - 2 potions of brilliance
 h - 2 potions of heal wounds {unknown}
 j - a potion of lignification {unknown}
 l - 2 potions of curing {unknown}


   Skills:
 + Level 1.8 Dodging
 - Level 1.7 Stealth
 + Level 3.1 Spellcasting
 + Level 5.3 Necromancy


You had 5 spell levels left.
You knew the following spells:

 Your Spells              Type           Power      Damage    Failure   Level
a - Necrotise             Necr           88%        1d8       1%          1
b - Vampiric Draining     Necr           22%        2d7       5%          3

Your spell library contained the following spells:

 Spells                   Type           Power      Damage    Failure   Level
 Animate Dead             Necr           22%        N/A       17%         4
 Agony                    Necr           22%        N/A       43%         5
 Summon Ice Beast         Ice/Summ       2%         N/A       85%         4
 Summon Mana Viper        Hex/Summ       2%         N/A       99%         5
 Monstrous Menagerie      Summ           1%         N/A       100%        7


Dungeon Overview and Level Annotations

Branches:
Dungeon (3/15)

Altars:

Annotations:
D:3 Robin


Innate Abilities, Weirdness & Mutations

You have a pair of horns on your head.
You are partially covered in slimy green scales. (AC +2)


Message History

Robin hits your hobgoblin skeleton with a +0 club.
You see here a +0 club.
Your hobgoblin skeleton hits Robin but does no damage.
Robin throws the goblin at you! The goblin hits you but does no damage.
Robin hits your hobgoblin skeleton with a +0 club.
The goblin closely misses you.
Your hobgoblin skeleton closely misses Robin.
A rat comes into view.
Robin roars a battlecry!
The goblin hits you with a +0 club.
A goblin comes into view. It is wielding a +0 club.
You see here a +0 club.
The goblin attacks as you move away! The goblin misses you.
A goblin comes into view. It is wielding a +0 club.
The goblin shouts!
The goblin no longer looks unusually strong.
Robin roars a battlecry!
The goblin moves out of view. x2
The goblin attacks as you move away! The goblin hits you with a +0 club.
Robin throws the goblin at you! The goblin hits you with a +0 club.
* * * LOW HITPOINT WARNING * * *
You see here a +0 club.
You barely miss the goblin.
The goblin no longer looks unusually strong.
Robin throws the goblin at you! The goblin hits you with a +0 club.
* * * LOW HITPOINT WARNING * * *
The goblin barely misses you.
Something barely misses your goblin skeleton.
The goblin hits you but does no damage.
Casting: Necrotise (safe; 1% risk of failure)
Confirm with . or Enter, or press ? or * to list all spells.
Aiming: Necrotise (safe; 1% risk of failure)
Press: ? - help, Shift-Dir - straight line, f - goblin
Aim: a goblin, wielding a +0 club (chance to affect: 91%)
The goblin writhes in agony.
You kill the goblin!
The dead are walking!
Your goblin skeleton crumbles into dust!
The goblin hits you but does no damage. The goblin hits you with a +0 club.
You die...

....... #.##... .
#.# ... .. #.#
..##### #.##
###.#####....#....#
#..<.^8^.......#
###...#####.....#
#...##..Zg......###
#...))@)#.......b...
#≈..Zgg≈#......#####
#§§...≈§#......#
##§≈.≈≈#########
##§≈≈## #####


You could see Robin (ally target), 2 goblins and 2 friendly goblin skeletons.

Vanquished Creatures
  An adder (D:2)
  An adder skeleton (D:2)
  A dart slug (D:1)
  6 bats
  2 bat zombies (D:2)
  5 endoplasms
  2 giant cockroaches (D:2)
  9 goblins
  5 hobgoblins
  2 kobolds
  2 quokkas (D:1)
  5 ball pythons
  A ball python skeleton (D:2)
  A quokka skeleton (D:2)
  5 rats
48 creatures vanquished.

Vanquished Creatures (collateral kills)
  2 endoplasms (D:1)
  A ball python zombie (D:2)
3 creatures vanquished.

Grand Total: 51 creatures vanquished

Notes
Turn   | Place    | Note
-------+----------+-------------------------------------------
     0 | D:1      | funkygono the Demonspawn Necromancer began the quest for
                  | the Orb.
     0 | D:1      | Reached XP level 1. HP: 13/13 MP: 3/3
   182 | D:1      | Gained mutation: You have a pair of small horns on your
                  | head. [demonic ancestry]
   182 | D:1      | Reached XP level 2. HP: 17/19 MP: 0/5
   416 | D:1      | Reached skill level 5 in Necromancy
   858 | D:1      | Gained mutation: You have a pair of horns on your head.
                  | [demonic ancestry]
   858 | D:1      | Reached XP level 3. HP: 24/24 MP: 3/6
  1527 | D:2      | Learned a level 3 spell: Vampiric Draining
  2086 | D:3      | Noticed Robin
  2103 | D:3      | Gained mutation: You are partially covered in slimy green
                  | scales. (AC +2) [demonic ancestry]
  2103 | D:3      | Reached XP level 4. HP: 25/30 MP: 2/8
  2116 | D:3      | Slain by a goblin

Illustrated notes

Levels and vault maps discovered:
D:1:      erik_arrival_orb_chamber, layout_basic, serial_bayou_pond_c
D:2:      layout_rooms, serial_undead, serial_undead_b, serial_undead_d,
          serial_undead_d, serial_undead_c
D:3:      layout_rooms, mainiacjoe_overflow_alcove_2,
          mainiacjoe_overflow_surrounded_room,
          mainiacjoe_overflow_concentric_impassable,
          mainiacjoe_overflow_six_doors_small, serial_rivers,
          chequers_serial_rivers_room_a, chequers_serial_rivers_room_a,
          chequers_serial_rivers_large_b, chequers_serial_rivers_room_a,
          chequers_serial_rivers_large_a, ebering_dispersal_statue_hall,
          kennysheep_nub, uniq_robin, uniq_sigmund, uniq_natasha

Skill      XL: |  1  2  3 |
---------------+----------+-----
Necromancy     | 5 |  5.3
Spellcasting   | 3 |  3.1
Dodging        | |  1.8
Stealth        | |  1.7

Action                   |  1- 3 |  4- 6 || total
-------------------------+-------+-------++-------
Melee: Whip              |    30 |     4 ||    34
       Headbutt          |     2 |     1 ||     3
 Cast: Necrotise         |    69 |     3 ||    72
       Vampiric Draining |     2 |       ||     2
  Use: Scroll            |     6 |       ||     6
Armor: Robe              |    27 |     6 ||    33
Dodge: Dodged            |    54 |     4 ||    58

Table legend: (Time is in decaauts)
 A = Elapsed time spent in this place.
 B = Non-inter-level travel time spent in this place.
 C = Inter-level travel time spent in this place.
 D = Time resting spent in this place.
 E = Time spent auto-exploring this place.
 F = Levels seen in this place.
 G = Mean time per level.
                   A        B        C        D        E       F      G
               +--------+--------+--------+--------+--------+-----+--------+
         Total |   2127 |   2077 |     50 |     15 |   1717 |   3 |  709.0 |
       Dungeon |   2127 |   2077 |     50 |     15 |   1717 |   3 |  709.0 |
               +--------+--------+--------+--------+--------+-----+--------+

Top non-repeatable levels by time:
     D:1: 1347 daAuts
     D:2: 713 daAuts
     D:3: 66 daAuts
